ORI
FLORIDA STATE UNIVERSITY SEMINOLES @ COASTAL CAROLINA UNIVERSITY CHANTICLEERS
09/13/2047
 
TOP OF THE 1ST
Florida State University Seminoles batting - Pitching for Coastal Carolina University Chanticleers : LHP Arturo Guevara
Pitching: LHP Arturo Guevara
Batting: RHB Ray Johnson 0-0: Ball
1-0: Called Strike
1-1: TRIPLE (Line Drive, 9LD, EV 105.0 MPH)
Batting: RHB Larry Berge 0-0: Fly out, F9 (Flyball, 9D, EV 93.1 MPH)
Runner from 3rd tags up, SCORES, throw by RF
Batting: LHB Ethan Ware 0-0: Fly out, F8 (Flyball, 78D, EV 92.5 MPH)
Batting: RHB Tony Valdez 0-0: Called Strike
0-1: Ball
1-1: Ball
2-1: SINGLE (Groundball, 4D, EV 102.5 MPH)
Batting: RHB Terry Cisneros 0-0: Called Strike
0-1: Ball
1-1: Fly out, F7 (Line Drive, 78M, EV 92.5 MPH)
Top of the 1st over - 1 run, 2 hits, 0 errors, 1 left on base; Florida State University 1 - Coastal Carolina University 0
BOTTOM OF THE 1ST
Coastal Carolina University Chanticleers batting - Pitching for Florida State University Seminoles : RHP Fraser Silk
Pitching: RHP Fraser Silk
Batting: LHB Justin Sanders 0-0: Fly out, F6 (Popup, 6, EV 54.4 MPH)
Batting: RHB Tristan Williams 0-0: Ball
1-0: Foul Ball, location: 2F
1-1: Ball
2-1: Swinging Strike
2-2: Strikes out looking
Batting: RHB Dennis Bennett 0-0: Ball
1-0: Called Strike
1-1: Ball
2-1: Ball
3-1: Fly out, F8 (Flyball, 8RD, EV 82.5 MPH)
Bottom of the 1st over - 0 runs, 0 hits, 0 errors, 0 left on base; Florida State University 1 - Coastal Carolina University 0
TOP OF THE 2ND
Florida State University Seminoles batting - Pitching for Coastal Carolina University Chanticleers : LHP Arturo Guevara
Batting: RHB George Smienk 0-0: Ball
1-0: Ball
2-0: SINGLE (Line Drive, 7LS, EV 85.0 MPH)
Batting: LHB John Doiron 0-0: Ball
1-0: Swinging Strike
1-1: Foul Ball, location: 2F
1-2: Foul Ball, location: 2F
1-2: Strikes out swinging
Batting: LHB Jeff Shields 0-0: Swinging Strike
0-1: Ball
1-1: Ball
2-1: SINGLE (Line Drive, 6D, EV 101.2 MPH)
George Smienk to second
Batting: LHB Matt Stewart 0-0: Ball
1-0: Fly out, F7 (Flyball, 7, EV 88.1 MPH)
Batting: RHB Ray Johnson 0-0: Ball
1-0: Swinging Strike
1-1: Ball
2-1: Foul Ball, location: 2F
2-2: Strikes out swinging
Top of the 2nd over - 0 runs, 2 hits, 0 errors, 2 left on base; Florida State University 1 - Coastal Carolina University 0
BOTTOM OF THE 2ND
Coastal Carolina University Chanticleers batting - Pitching for Florida State University Seminoles : RHP Fraser Silk
Batting: RHB Tatsunori Ishigaki 0-0: Ball
1-0: Foul Ball, location: 2F
1-1: Ball
2-1: Foul Ball, location: 2F
2-2: Ball
3-2: Base on Balls
Batting: RHB Fernando Tovar 0-0: Fly out, F7 (Flyball, 7D, EV 97.5 MPH)
Batting: LHB Ramelan Nasution 0-0: Ball
Tatsunori Ishigaki steals 2nd base
1-0: Swinging Strike
1-1: Called Strike
1-2: Foul Ball, location: 2F
1-2: Strikes out looking
Batting: RHB Chris McDaniel 0-0: Foul Ball, location: 2F
0-1: Swinging Strike
0-2: Strikes out swinging
Bottom of the 2nd over - 0 runs, 0 hits, 0 errors, 1 left on base; Florida State University 1 - Coastal Carolina University 0
TOP OF THE 3RD
Florida State University Seminoles batting - Pitching for Coastal Carolina University Chanticleers : LHP Arturo Guevara
Batting: RHB Larry Berge 0-0: Ball
1-0: Ball
2-0: Swinging Strike
2-1: Ball
3-1: Base on Balls
Batting: LHB Ethan Ware 0-0: Ball
1-0: Swinging Strike
1-1: Swinging Strike
1-2: Strikes out swinging
Batting: RHB Tony Valdez 0-0: Ball
1-0: Called Strike
Larry Berge steals 2nd base
1-1: Foul Ball, location: 2F
1-2: Foul Ball, location: 2F
1-2: SINGLE (Groundball, 6MD, EV 111.2 MPH)
Larry Berge to third
Batting: RHB Terry Cisneros 0-0: Ball
1-0: Ball
2-0: Called Strike
2-1: Called Strike
2-2: Fly out, F7 (Flyball, 7LM, EV 87.5 MPH)
Runner from 3rd tags up, SCORES, throw by LF
Batting: RHB George Smienk Pickoff Throw to First - Out! 1-3
Top of the 3rd over - 1 run, 1 hit, 0 errors, 0 left on base; Florida State University 2 - Coastal Carolina University 0
BOTTOM OF THE 3RD
Coastal Carolina University Chanticleers batting - Pitching for Florida State University Seminoles : RHP Fraser Silk
Batting: LHB Nate Kokx 0-0: SINGLE (Line Drive, 7S, EV 90.6 MPH)
Batting: RHB Rene Napoles 0-0: Ball
Nate Kokx steals 2nd base
1-0: Called Strike
1-1: Ball
2-1: Ball
3-1: Called Strike
3-2: Foul Ball, location: 2F
3-2: Strikes out swinging
Batting: LHB Justin Sanders 0-0: Ball
1-0: Called Strike
1-1: Ball
2-1: Called Strike
2-2: Ball
3-2: Base on Balls
Batting: RHB Tristan Williams 0-0: Called Strike
0-1: Foul Ball, location: 2F
0-2: Ball
1-2: Ball
2-2: Strikes out swinging
Batting: RHB Dennis Bennett 0-0: Called Strike
0-1: Fly out, F8 (Flyball, 78M, EV 92.5 MPH)
Bottom of the 3rd over - 0 runs, 1 hit, 0 errors, 2 left on base; Florida State University 2 - Coastal Carolina University 0
TOP OF THE 4TH
Florida State University Seminoles batting - Pitching for Coastal Carolina University Chanticleers : LHP Arturo Guevara
Batting: RHB George Smienk 0-0: Swinging Strike
0-1: Called Strike
0-2: Foul Ball, location: 2F
0-2: Foul Ball, location: 2F
0-2: Strikes out swinging
Batting: LHB John Doiron 0-0: Ball
1-0: Ground out 4-3 (Groundball, 4, EV 85.0 MPH)
Batting: LHB Jeff Shields 0-0: Ball
1-0: Swinging Strike
1-1: Ball
2-1: Ball
3-1: Called Strike
3-2: DOUBLE (Line Drive, 78XD, EV 108.8 MPH)
Batting: LHB Matt Stewart 0-0: Ball
1-0: Ball
2-0: Ball
3-0: Called Strike
3-1: Called Strike
3-2: Ground out 6-3 (Groundball, 56, EV 80.0 MPH)
Top of the 4th over - 0 runs, 1 hit, 0 errors, 1 left on base; Florida State University 2 - Coastal Carolina University 0
BOTTOM OF THE 4TH
Coastal Carolina University Chanticleers batting - Pitching for Florida State University Seminoles : RHP Fraser Silk
Batting: RHB Tatsunori Ishigaki 0-0: Ball
1-0: SINGLE (Line Drive, 6MD, EV 100.6 MPH)
Batting: RHB Fernando Tovar 0-0: Ball
1-0: Ball
2-0: Fielders Choice at 2nd, 1-4 (Groundball, 15S, EV 65.0 MPH)
Batting: LHB Ramelan Nasution 0-0: Ball
1-0: Called Strike
1-1: Called Strike
1-2: Strikes out looking
Batting: RHB Chris McDaniel 0-0: Ball
1-0: Called Strike
1-1: Called Strike
1-2: DOUBLE (Line Drive, 89XD, EV 102.5 MPH)
Fernando Tovar to third
Batting: LHB Nate Kokx 0-0: Ball
1-0: Foul Ball, location: 2F
1-1: Foul Ball, location: 2F
1-2: Foul Ball, location: 2F
1-2: Ball
2-2: Strikes out swinging
Bottom of the 4th over - 0 runs, 2 hits, 0 errors, 2 left on base; Florida State University 2 - Coastal Carolina University 0
TOP OF THE 5TH
Florida State University Seminoles batting - Pitching for Coastal Carolina University Chanticleers : LHP Arturo Guevara
Batting: RHB Ray Johnson 0-0: Called Strike
0-1: Foul Ball, location: 2F
0-2: Fly out, F8 (Line Drive, 8LM, EV 103.8 MPH)
Batting: RHB Larry Berge 0-0: SINGLE (Line Drive, 3D, EV 103.1 MPH)
Batting: LHB Ethan Ware 0-0: Ball
1-0: Called Strike
Larry Berge is caught stealing 2nd base 2-6
1-1: Ball
2-1: Swinging Strike
2-2: Foul Ball, location: 2F
2-2: Strikes out swinging
Top of the 5th over - 0 runs, 1 hit, 0 errors, 0 left on base; Florida State University 2 - Coastal Carolina University 0
BOTTOM OF THE 5TH
Coastal Carolina University Chanticleers batting - Pitching for Florida State University Seminoles : RHP Fraser Silk
Batting: RHB Rene Napoles 0-0: Ball
1-0: Foul Ball, location: 2F
1-1: Ball
2-1: Fly out, F4 (Line Drive, 4, EV 67.5 MPH)
Batting: LHB Justin Sanders 0-0: Ball
1-0: Swinging Strike
1-1: Ball
2-1: Foul Ball, location: 2F
2-2: Ball
3-2: Fly out, F7 (Flyball, 7S, EV 90.0 MPH)
Batting: RHB Tristan Williams 0-0: Fly out, F4 (Popup, 34, EV 77.5 MPH)
Bottom of the 5th over - 0 runs, 0 hits, 0 errors, 0 left on base; Florida State University 2 - Coastal Carolina University 0
TOP OF THE 6TH
Florida State University Seminoles batting - Pitching for Coastal Carolina University Chanticleers : LHP Arturo Guevara
Pitching: RHP Tony Jaggie
Batting: RHB Tony Valdez 0-0: Ball
1-0: Called Strike
1-1: Ball
2-1: Foul Ball, location: 2F
2-2: Foul Ball, location: 2F
2-2: Ground out 6-3 (Groundball, 6, EV 95.6 MPH)
Batting: RHB Terry Cisneros 0-0: Ball
1-0: Ball
2-0: Ball
3-0: Called Strike
3-1: Ground out 6-3 (Groundball, 6, EV 90.6 MPH)
Batting: RHB George Smienk 0-0: Ball
1-0: Foul Ball, location: 2F
1-1: Ball
2-1: Ground out 5-3 (Groundball, 56, EV 90.6 MPH)
Top of the 6th over - 0 runs, 0 hits, 0 errors, 0 left on base; Florida State University 2 - Coastal Carolina University 0
BOTTOM OF THE 6TH
Coastal Carolina University Chanticleers batting - Pitching for Florida State University Seminoles : RHP Fraser Silk
Pitching: RHP Josh Walker
Batting: RHB Dennis Bennett 0-0: Called Strike
0-1: Ground out 1-3 (Groundball, 15S, EV 75.6 MPH)
Batting: RHB Tatsunori Ishigaki 0-0: Ball
1-0: Called Strike
1-1: Foul Ball, location: 2F
1-2: Strikes out looking
Batting: RHB Fernando Tovar 0-0: Ball
1-0: Ball
2-0: Swinging Strike
2-1: Ball
3-1: Foul Ball, location: 2F
3-2: Base on Balls
Batting: LHB Ramelan Nasution 0-0: Called Strike
0-1: Foul Ball, location: 2F
0-2: Ball
1-2: DOUBLE (Flyball, 8LXD, EV 106.9 MPH)
Fernando Tovar to third
Runner from 3rd tries for Home, SAFE, throw by CF to trailing runner, SAFE at third!
Batting: RHB Chris McDaniel 0-0: Reached on error, E3 (Groundball, 34, EV 106.2 MPH)
Ramelan Nasution scores
Batting: LHB Nate Kokx 0-0: Foul Ball, location: 2F
0-1: Called Strike
0-2: Ball
1-2: Ground out 4-3 (Groundball, 4, EV 85.6 MPH)
Bottom of the 6th over - 2 runs, 1 hit, 1 error, 1 left on base; Florida State University 2 - Coastal Carolina University 2
TOP OF THE 7TH
Florida State University Seminoles batting - Pitching for Coastal Carolina University Chanticleers : RHP Tony Jaggie
Pitching: RHP Jeff Box
Batting: LHB John Doiron 0-0: Ball
1-0: Called Strike
1-1: Foul Ball, location: 2F
1-2: Strikes out swinging
Batting: LHB Jeff Shields 0-0: Ball
1-0: Ball
2-0: Ball
3-0: Foul Ball, location: 2F
3-1: Base on Balls
Batting: LHB Matt Stewart 0-0: Called Strike
0-1: Ball
1-1: Ball
2-1: Ball
3-1: 2-RUN HOME RUN (Flyball, 89XD, EV 98.8 MPH), Distance : 403 ft
Batting: RHB Ray Johnson 0-0: Foul Ball, location: 2F
0-1: Ball
1-1: Foul Ball, location: 2F
1-2: Ball
2-2: Strikes out swinging
Batting: RHB Larry Berge 0-0: Called Strike
0-1: TRIPLE (Line Drive, 9LD, EV 108.1 MPH)
Batting: LHB Ethan Ware 0-0: Foul Ball, location: 2F
0-1: Called Strike
0-2: Foul Ball, location: 2F
0-2: Ball
1-2: SINGLE (Line Drive, 34, EV 97.5 MPH)
Larry Berge scores
Pitching: LHP Rich Holliday
Batting: RHB Tony Valdez 0-0: Ball
Ethan Ware is caught stealing 2nd base 2-4
Top of the 7th over - 3 runs, 3 hits, 0 errors, 0 left on base; Florida State University 5 - Coastal Carolina University 2
BOTTOM OF THE 7TH
Coastal Carolina University Chanticleers batting - Pitching for Florida State University Seminoles : RHP Josh Walker
Pitching: RHP Danny Weiss
Batting: RHB Rene Napoles 0-0: Swinging Strike
0-1: Ball
1-1: Ball
2-1: Ball
3-1: Swinging Strike
3-2: Foul Ball, location: 2F
3-2: Strikes out swinging
Batting: LHB Justin Sanders 0-0: Called Strike
0-1: Foul Ball, location: 2F
0-2: Foul Ball, location: 2F
0-2: Ball
1-2: Ball
2-2: Strikes out swinging
Batting: RHB Tristan Williams 0-0: Ball
1-0: Ground out 4-3 (Groundball, 4, EV 98.8 MPH)
Bottom of the 7th over - 0 runs, 0 hits, 0 errors, 0 left on base; Florida State University 5 - Coastal Carolina University 2
TOP OF THE 8TH
Florida State University Seminoles batting - Pitching for Coastal Carolina University Chanticleers : LHP Rich Holliday
Batting: RHB Tony Valdez 0-0: Ball
1-0: Swinging Strike
1-1: Swinging Strike
1-2: Fly out, F7 (Flyball, 7, EV 88.1 MPH)
Batting: RHB Terry Cisneros 0-0: Called Strike
0-1: SINGLE (Line Drive, 9S, EV 97.5 MPH)
Batting: RHB George Smienk 0-0: Ball
Wild Pitch!
Terry Cisneros to second
1-0: Intentional Walk
Batting: LHB John Doiron 0-0: Ball
1-0: Ball
2-0: Swinging Strike
2-1: Called Strike
2-2: Fly out, F7 (Flyball, 7LM, EV 77.5 MPH)
Batting: LHB Jeff Shields 0-0: Reached via error on a dropped throw from P, E3 (Groundball, 13, EV 71.2 MPH)
Terry Cisneros to third
George Smienk to second
Batting: LHB Matt Stewart 0-0: Called Strike
0-1: Ball
1-1: Called Strike
1-2: Ball
2-2: Foul Ball, location: 2F
2-2: Strikes out swinging
Top of the 8th over - 0 runs, 1 hit, 1 error, 3 left on base; Florida State University 5 - Coastal Carolina University 2
BOTTOM OF THE 8TH
Coastal Carolina University Chanticleers batting - Pitching for Florida State University Seminoles : RHP Danny Weiss
Batting: RHB Dennis Bennett 0-0: Ball
1-0: SINGLE (Groundball, 56D, EV 105.0 MPH)
Pinch Hitting: RHB Mike Grogan 0-0: Called Strike
0-1: Ball
1-1: Swinging Strike
1-2: Strikes out swinging
Batting: RHB Fernando Tovar 0-0: Ball
1-0: Ball
2-0: Ball
3-0: Called Strike
3-1: 2-RUN HOME RUN (Line Drive, 7D, EV 98.8 MPH), Distance : 383 ft
Batting: LHB Ramelan Nasution 0-0: Ball
1-0: Swinging Strike
1-1: Called Strike
1-2: Strikes out swinging
Batting: RHB Chris McDaniel 0-0: Called Strike
0-1: Ground out 1-3 (Groundball, 34S, EV 70.6 MPH)
Bottom of the 8th over - 2 runs, 2 hits, 0 errors, 0 left on base; Florida State University 5 - Coastal Carolina University 4
TOP OF THE 9TH
Florida State University Seminoles batting - Pitching for Coastal Carolina University Chanticleers : LHP Rich Holliday
Pitching: RHP Dorian Sander
Now at 2B: Mike Grogan
Batting: RHB Ray Johnson 0-0: Called Strike
0-1: Called Strike
0-2: Ball
1-2: Ground out U3 (Groundball, 34S, EV 86.2 MPH)
Batting: RHB Larry Berge 0-0: Foul Ball, location: 2F
0-1: Called Strike
0-2: Ball
1-2: Ball
2-2: Foul Ball, location: 2F
2-2: Foul Ball, location: 2F
2-2: Ground out 6-3 (Groundball, 6, EV 99.4 MPH)
Batting: LHB Ethan Ware 0-0: SINGLE (Groundball, 34D, EV 100.0 MPH)
Batting: RHB Tony Valdez 0-0: Ball
1-0: Called Strike
Ethan Ware is caught stealing 2nd base 2-4
Top of the 9th over - 0 runs, 1 hit, 0 errors, 0 left on base; Florida State University 5 - Coastal Carolina University 4
BOTTOM OF THE 9TH
Coastal Carolina University Chanticleers batting - Pitching for Florida State University Seminoles : RHP Danny Weiss
Pitching: LHP Dan Monk
Batting: LHB Nate Kokx 0-0: Ball
1-0: Swinging Strike
1-1: Swinging Strike
1-2: Ball
2-2: Foul Ball, location: 2F
2-2: Strikes out swinging, 2-3 out at first.
Batting: RHB Rene Napoles 0-0: Fly out, F7 (Flyball, 7S, EV 90.0 MPH)
Batting: LHB Justin Sanders 0-0: Ground out 4-3 (Groundball, 4M, EV 101.9 MPH)
Bottom of the 9th over - 0 runs, 0 hits, 0 errors, 0 left on base; Florida State University 5 - Coastal Carolina University 4
Thursday, December 15th , 2022 - OOTP Baseball 23.9 Build 102